MID
HARTFORD YARD GOATS @ LAKEWOOD BLUECLAWS
06/14/2044
 
TOP OF THE 1ST
Hartford Yard Goats batting - Pitching for Lakewood BlueClaws : RHP Chris Perteet
Pitching: RHP Chris Perteet
Batting: SHB Eddie Quinones 0-0: Foul Ball, location: 2F
0-1: Foul Ball, location: 2F
0-2: Fly out, F8 (Flyball, 8LM, EV 86.2 MPH)
Batting: SHB Pete Perla 0-0: Ground out 5-3 (Groundball, 56, EV 77.5 MPH)
Batting: LHB Jeremy Brammer 0-0: Ball
1-0: Ball
2-0: Ball
3-0: Base on Balls
Batting: SHB In-sung Lee 0-0: Foul Ball, location: 2F
0-1: Called Strike
0-2: Ball
1-2: SINGLE (Flyball, 8LM, EV 88.8 MPH)
Jeremy Brammer to second
Batting: RHB Justin Williams 0-0: Ball
1-0: Ball
2-0: Called Strike
2-1: Ball
3-1: SINGLE (Line Drive, 9S, EV 107.5 MPH)
Jeremy Brammer to third
In-sung Lee to second
Batting: RHB Kian-tat Chen 0-0: Foul Ball, location: 2F
0-1: Ground out 5-3 (Groundball, 5S, EV 79.4 MPH)
Top of the 1st over - 0 runs, 2 hits, 0 errors, 3 left on base; Hartford 0 - Lakewood 0
BOTTOM OF THE 1ST
Lakewood BlueClaws batting - Pitching for Hartford Yard Goats : RHP Clay Redman
Pitching: RHP Clay Redman
Batting: LHB Jose Carlos 0-0: Ball
1-0: Ball
2-0: Called Strike
2-1: Ball
3-1: Foul Ball, location: 2F
3-2: Foul Ball, location: 2F
3-2: Foul Ball, location: 2F
3-2: SINGLE (Line Drive, 5D, EV 106.2 MPH)
Batting: RHB Alberto Ramirez 0-0: Foul Ball, location: 2F
0-1: Fly out, F9 (Flyball, 89S, EV 95.0 MPH)
Batting: SHB Bob Dixon 0-0: Ball
1-0: Called Strike
1-1: Called Strike
1-2: 2-RUN HOME RUN (Flyball, 9LD, EV 91.2 MPH), Distance : 350 ft
Batting: RHB William-Floyd Goof 0-0: Swinging Strike
0-1: Ball
1-1: Called Strike
1-2: Foul Ball, location: 2F
1-2: DOUBLE (Line Drive, 78D, EV 110.6 MPH)
Batting: RHB Danny Krug 0-0: Called Strike
0-1: Ball
1-1: Swinging Strike
1-2: Fly out, F4 (Popup, 4D, EV 63.1 MPH)
Batting: RHB Victor Arroyo 0-0: Ball
1-0: Called Strike
1-1: SINGLE (Groundball, 6MD, EV 102.5 MPH)
William-Floyd Goof to third
Batting: SHB Mike Rueth 0-0: Called Strike
0-1: Swinging Strike
0-2: Ball
1-2: Fly out, F8 (Line Drive, 8LM, EV 98.1 MPH)
Bottom of the 1st over - 2 runs, 4 hits, 0 errors, 2 left on base; Hartford 0 - Lakewood 2
TOP OF THE 2ND
Hartford Yard Goats batting - Pitching for Lakewood BlueClaws : RHP Chris Perteet
Batting: RHB Eric Garrett 0-0: Called Strike
0-1: Ball
1-1: Ball
2-1: Swinging Strike
2-2: Ball
3-2: Base on Balls
Batting: RHB Eric Delgado 0-0: Called Strike
0-1: Called Strike
0-2: Ball
1-2: Ball
Eric Garrett steals 2nd base
2-2: Fly out, F7 (Flyball, 7LM, EV 100.0 MPH)
Batting: RHB Steve Waltenbery 0-0: Ball
1-0: Foul Ball, location: 2F
1-1: Ball
2-1: Foul Ball, location: 2F
2-2: Ball
3-2: Base on Balls
Batting: SHB Eddie Quinones 0-0: Called Strike
0-1: Called Strike
0-2: Grounds into double play, 4-6-3 (Groundball, 4, EV 82.5 MPH)
Top of the 2nd over - 0 runs, 0 hits, 0 errors, 1 left on base; Hartford 0 - Lakewood 2
BOTTOM OF THE 2ND
Lakewood BlueClaws batting - Pitching for Hartford Yard Goats : RHP Clay Redman
Batting: RHB Steve Jones 0-0: Called Strike
0-1: Foul Ball, location: 2F
0-2: Foul Ball, location: 2F
0-2: SINGLE (Groundball, 34D, EV 105.0 MPH)
Batting: RHB Pedro Mata 0-0: Ball
1-0: Called Strike
1-1: Swinging Strike
1-2: Strikes out swinging
Batting: LHB Jose Carlos 0-0: Ball
1-0: Called Strike
1-1: Foul Ball, location: 2F
1-2: Ball
2-2: Ball
Steve Jones is caught stealing 2nd base 2-6
3-2: Fly out, F9 (Flyball, 89M, EV 85.0 MPH)
Bottom of the 2nd over - 0 runs, 1 hit, 0 errors, 0 left on base; Hartford 0 - Lakewood 2
TOP OF THE 3RD
Hartford Yard Goats batting - Pitching for Lakewood BlueClaws : RHP Chris Perteet
Batting: SHB Pete Perla 0-0: Ball
1-0: Foul Ball, location: 2F
1-1: Called Strike
1-2: Ground out 5-3 (Groundball, 56, EV 88.1 MPH)
Batting: LHB Jeremy Brammer 0-0: Swinging Strike
0-1: Ball
1-1: Foul Ball, location: 2F
1-2: Foul Ball, location: 2F
1-2: Ball
2-2: Ball
3-2: Base on Balls
Batting: SHB In-sung Lee 0-0: Ball
1-0: Ball
Wild Pitch!
Jeremy Brammer to second
2-0: Foul Ball, location: 2F
2-1: Swinging Strike
2-2: Ball
3-2: Strikes out swinging
Batting: RHB Justin Williams 0-0: Ball
1-0: Called Strike
1-1: Ball
2-1: Ball
3-1: Base on Balls
Batting: RHB Kian-tat Chen 0-0: Ball
Balk!
Jeremy Brammer to third
Justin Williams to second
1-0: Fly out, F8 (Flyball, 8RD, EV 98.8 MPH)
Top of the 3rd over - 0 runs, 0 hits, 0 errors, 2 left on base; Hartford 0 - Lakewood 2
BOTTOM OF THE 3RD
Lakewood BlueClaws batting - Pitching for Hartford Yard Goats : RHP Clay Redman
Batting: RHB Alberto Ramirez 0-0: Ball
1-0: Ball
2-0: Called Strike
2-1: Called Strike
2-2: Ball
3-2: Strikes out swinging
Batting: SHB Bob Dixon 0-0: Foul Ball, location: 2F
0-1: Swinging Strike
0-2: SINGLE (Groundball, 4D, EV 99.4 MPH)
Batting: RHB William-Floyd Goof 0-0: Called Strike
0-1: Ball
1-1: Foul Ball, location: 2F
1-2: Strikes out swinging
Batting: RHB Danny Krug 0-0: Ball
1-0: SINGLE (Groundball, 56D, EV 108.1 MPH)
Bob Dixon to second
Batting: RHB Victor Arroyo 0-0: Ball
1-0: Ball
2-0: Ball
3-0: Called Strike
3-1: Swinging Strike
3-2: Foul Ball, location: 2F
3-2: Base on Balls
Bob Dixon to third
Danny Krug to second
Batting: SHB Mike Rueth 0-0: Called Strike
0-1: Foul Ball, location: 2F
0-2: Ball
1-2: Strikes out swinging
Bottom of the 3rd over - 0 runs, 2 hits, 0 errors, 3 left on base; Hartford 0 - Lakewood 2
TOP OF THE 4TH
Hartford Yard Goats batting - Pitching for Lakewood BlueClaws : RHP Chris Perteet
Batting: RHB Eric Garrett 0-0: Ball
1-0: Ball
2-0: Called Strike
2-1: Swinging Strike
2-2: Foul Ball, location: 2F
2-2: Ball
3-2: Strikes out swinging
Batting: RHB Eric Delgado 0-0: Called Strike
0-1: Foul Ball, location: 2F
0-2: Ball
1-2: Ball
2-2: Strikes out looking
Batting: RHB Steve Waltenbery 0-0: Ball
1-0: Foul Ball, location: 2F
1-1: Ball
2-1: Ball
3-1: Called Strike
3-2: Strikes out swinging
Top of the 4th over - 0 runs, 0 hits, 0 errors, 0 left on base; Hartford 0 - Lakewood 2
BOTTOM OF THE 4TH
Lakewood BlueClaws batting - Pitching for Hartford Yard Goats : RHP Clay Redman
Batting: RHB Steve Jones 0-0: Ball
1-0: Foul Ball, location: 2F
1-1: DOUBLE (Line Drive, 7LM, EV 101.9 MPH)
Batting: RHB Pedro Mata 0-0: SINGLE (Groundball, 34D, EV 110.0 MPH)
Steve Jones to third
Runner from 3rd tries for Home, throw by RF and OUT! 9-2
Batting: LHB Jose Carlos 0-0: Ball
1-0: Foul Ball, location: 2F
1-1: Foul Ball, location: 2F
1-2: Ball
2-2: Ball
3-2: Foul Ball, location: 2F
3-2: Foul Ball, location: 2F
3-2: SINGLE (Groundball, 34D, EV 98.8 MPH)
Pedro Mata to second
Runner from 2nd tries for 3rd, SAFE, no throw by RF
Batting: RHB Alberto Ramirez 0-0: Ball
1-0: Ball
2-0: SINGLE (Line Drive, 89M, EV 106.2 MPH)
Pedro Mata scores
Jose Carlos to second
Pitching: RHP Joe Goodale
Batting: SHB Bob Dixon 0-0: Called Strike
0-1: Ground out 4-3 (Groundball, 34D, EV 104.4 MPH)
Jose Carlos to third
Alberto Ramirez to second
Batting: RHB William-Floyd Goof 0-0: Ball
1-0: Called Strike
1-1: Swinging Strike
1-2: Ball
2-2: Strikes out swinging
Bottom of the 4th over - 1 run, 4 hits, 0 errors, 2 left on base; Hartford 0 - Lakewood 3
TOP OF THE 5TH
Hartford Yard Goats batting - Pitching for Lakewood BlueClaws : RHP Chris Perteet
Pitching: RHP Omar Pineda
Batting: SHB Eddie Quinones 0-0: Swinging Strike
0-1: Called Strike
0-2: Ball
1-2: Strikes out swinging
Batting: SHB Pete Perla 0-0: Called Strike
0-1: Swinging Strike
0-2: Strikes out looking
Batting: LHB Jeremy Brammer 0-0: Ball
1-0: Ball
2-0: Ball
3-0: Base on Balls
Batting: SHB In-sung Lee 0-0: Called Strike
0-1: Ball
Jeremy Brammer steals 2nd base (no throw)
1-1: Ball
2-1: Foul Ball, location: 2F
2-2: Ball
3-2: DOUBLE (Flyball, 78XD, EV 111.2 MPH)
Jeremy Brammer scores
Batting: RHB Justin Williams 0-0: Fly out, F8 (Flyball, 78D, EV 100.6 MPH)
Top of the 5th over - 1 run, 1 hit, 0 errors, 1 left on base; Hartford 1 - Lakewood 3
BOTTOM OF THE 5TH
Lakewood BlueClaws batting - Pitching for Hartford Yard Goats : RHP Joe Goodale
Batting: RHB Danny Krug 0-0: Ball
1-0: Ball
2-0: Ball
3-0: Base on Balls
Batting: RHB Victor Arroyo 0-0: Ball
1-0: Called Strike
1-1: Called Strike
1-2: Strikes out swinging
Batting: SHB Mike Rueth 0-0: Called Strike
0-1: Fly out, F5 (Line Drive, 5, EV 71.2 MPH)
Batting: RHB Steve Jones 0-0: Called Strike
0-1: Foul Ball, location: 2F
0-2: Ball
1-2: Fly out, F8 (Line Drive, 8LD, EV 88.8 MPH)
Bottom of the 5th over - 0 runs, 0 hits, 0 errors, 1 left on base; Hartford 1 - Lakewood 3
TOP OF THE 6TH
Hartford Yard Goats batting - Pitching for Lakewood BlueClaws : RHP Omar Pineda
Batting: RHB Kian-tat Chen 0-0: Called Strike
0-1: Called Strike
0-2: Ground out U3 (Groundball, 3S, EV 65.0 MPH)
Batting: RHB Eric Garrett 0-0: Ball
1-0: Foul Ball, location: 2F
1-1: Foul Ball, location: 2F
1-2: Ground out 6-3 (Groundball, 6, EV 81.9 MPH)
Batting: RHB Eric Delgado 0-0: Hit by Pitch
Batting: RHB Steve Waltenbery 0-0: Called Strike
0-1: Swinging Strike
0-2: Ball
1-2: Ball
2-2: Foul Ball, location: 2F
2-2: Fly out, F7 (Flyball, 78S, EV 87.5 MPH)
Top of the 6th over - 0 runs, 0 hits, 0 errors, 1 left on base; Hartford 1 - Lakewood 3
BOTTOM OF THE 6TH
Lakewood BlueClaws batting - Pitching for Hartford Yard Goats : RHP Joe Goodale
Batting: RHB Pedro Mata 0-0: Called Strike
0-1: Ball
1-1: Foul Ball, location: 2F
1-2: Foul Ball, location: 2F
1-2: Ball
2-2: Ground out 5-3 (Groundball, 5D, EV 81.2 MPH)
Batting: LHB Jose Carlos 0-0: Ball
1-0: Called Strike
1-1: Swinging Strike
1-2: Foul Ball, location: 2F
1-2: Foul Ball, location: 2F
1-2: Strikes out swinging
Batting: RHB Alberto Ramirez 0-0: Ball
1-0: Ball
2-0: Ground out U3 (Groundball, 34S, EV 86.2 MPH)
Bottom of the 6th over - 0 runs, 0 hits, 0 errors, 0 left on base; Hartford 1 - Lakewood 3
TOP OF THE 7TH
Hartford Yard Goats batting - Pitching for Lakewood BlueClaws : RHP Omar Pineda
Pitching: LHP Scott Hopkins
Batting: SHB Eddie Quinones 0-0: Ball
1-0: TRIPLE (Groundball, 3L, EV 107.5 MPH)
Batting: SHB Pete Perla 0-0: Ball
1-0: Swinging Strike
1-1: SINGLE (Groundball, 34D, EV 100.0 MPH)
Eddie Quinones scores
Batting: LHB Jeremy Brammer 0-0: Ball
1-0: Ball
2-0: Called Strike
2-1: Ball
Pete Perla steals 2nd base
3-1: Foul Ball, location: 2F
3-2: Fly out, F5 (Popup, 56S, EV 82.5 MPH)
Batting: SHB In-sung Lee 0-0: Called Strike
0-1: Ball
1-1: Ball
2-1: Called Strike
2-2: Foul Ball, location: 2F
2-2: Ball
3-2: Foul Ball, location: 2F
3-2: Base on Balls
Batting: RHB Justin Williams 0-0: Ball
1-0: Called Strike
1-1: Swinging Strike
1-2: Strikes out swinging
Batting: RHB Kian-tat Chen 0-0: Ball
1-0: Ball
2-0: Ball
3-0: Called Strike
3-1: Foul Ball, location: 2F
3-2: Strikes out swinging
Top of the 7th over - 1 run, 2 hits, 0 errors, 2 left on base; Hartford 2 - Lakewood 3
BOTTOM OF THE 7TH
Lakewood BlueClaws batting - Pitching for Hartford Yard Goats : RHP Joe Goodale
Pitching: LHP Ryan Morlan
Batting: SHB Bob Dixon 0-0: Called Strike
0-1: Foul Ball, location: 2F
0-2: Ball
1-2: Foul Ball, location: 2F
1-2: Fly out, F8 (Flyball, 89XD, EV 90.0 MPH)
Batting: RHB William-Floyd Goof 0-0: Called Strike
0-1: Called Strike
0-2: Ground out U3 (Groundball, 3, EV 86.2 MPH)
Batting: RHB Danny Krug 0-0: Foul Ball, location: 2F
0-1: Ball
1-1: Called Strike
1-2: Ball
2-2: Strikes out swinging
Bottom of the 7th over - 0 runs, 0 hits, 0 errors, 0 left on base; Hartford 2 - Lakewood 3
TOP OF THE 8TH
Hartford Yard Goats batting - Pitching for Lakewood BlueClaws : LHP Scott Hopkins
Pitching: RHP Ronnie DeAngelo
Batting: RHB Eric Garrett 0-0: Ground out 6-3 (Groundball, 56, EV 106.2 MPH)
Batting: RHB Eric Delgado 0-0: Ball
1-0: Ball
2-0: Ball
3-0: Called Strike
3-1: Base on Balls
Batting: RHB Steve Waltenbery 0-0: Called Strike
0-1: Bunted foul
0-2: Ground out 5-3 (Groundball, 56S, EV 92.5 MPH)
Eric Delgado to second
Pitching: RHP Ben Clayton
Batting: SHB Eddie Quinones 0-0: Ball
1-0: Foul Ball, location: 2F
1-1: Ball
2-1: Called Strike
2-2: Foul Ball, location: 2F
2-2: Ball
3-2: SINGLE (Flyball, 3D, EV 93.1 MPH)
Eric Delgado to third
Runner from 3rd tries for Home, SAFE, throw by RF to home
Eddie Quinones to second
Batting: SHB Pete Perla 0-0: Ball
1-0: Ground out U3 (Groundball, 3L, EV 93.1 MPH)
Top of the 8th over - 1 run, 1 hit, 0 errors, 1 left on base; Hartford 3 - Lakewood 3
BOTTOM OF THE 8TH
Lakewood BlueClaws batting - Pitching for Hartford Yard Goats : LHP Ryan Morlan
Pitching: RHP Travis Porter
Batting: RHB Victor Arroyo 0-0: Called Strike
0-1: Called Strike
0-2: Foul Ball, location: 2F
0-2: Ball
1-2: Ball
2-2: Ball
3-2: Strikes out swinging
Batting: SHB Mike Rueth 0-0: Ball
1-0: Fly out, F7 (Flyball, 7LM, EV 89.4 MPH)
Batting: RHB Steve Jones 0-0: Ball
1-0: Ball
2-0: Called Strike
2-1: SINGLE (Groundball, 4MS, EV 68.8 MPH) (infield hit)
Pinch Hitting: LHB Troy Hodge 0-0: Ball
1-0: Swinging Strike
1-1: Called Strike
Steve Jones is caught stealing 2nd base 2-6
Bottom of the 8th over - 0 runs, 1 hit, 0 errors, 0 left on base; Hartford 3 - Lakewood 3
TOP OF THE 9TH
Hartford Yard Goats batting - Pitching for Lakewood BlueClaws : RHP Ben Clayton
Pitching: RHP Chris Lee
Now at 2B: Pablo Lopez
Batting: LHB Jeremy Brammer 0-0: Swinging Strike
0-1: Foul Ball, location: 2F
0-2: Ground out 6-3 (Groundball, 6, EV 98.1 MPH)
Batting: SHB In-sung Lee 0-0: Ball
1-0: SOLO HOME RUN (Flyball, 9D, EV 103.8 MPH), Distance : 385 ft
Batting: RHB Justin Williams 0-0: Foul Ball, location: 2F
0-1: Swinging Strike
0-2: Ground out 6-3 (Groundball, 56, EV 99.4 MPH)
Batting: RHB Kian-tat Chen 0-0: Ground out U3 (Groundball, 34, EV 100.0 MPH)
Top of the 9th over - 1 run, 1 hit, 0 errors, 0 left on base; Hartford 4 - Lakewood 3
BOTTOM OF THE 9TH
Lakewood BlueClaws batting - Pitching for Hartford Yard Goats : RHP Travis Porter
Pitching: LHP Greg Burngooch
Now at 1B: Brian Levensailor
Now in LF: Kian-tat Chen
Now in CF: Mick Knopp
Batting: RHB Pablo Lopez 0-0: Ground out 6-3 (Groundball, P, EV 88.1 MPH)
Pinch Hitting: RHB Manny Mendoza 0-0: Ball
1-0: Called Strike
1-1: Ball
2-1: Ground out 6-3 (Groundball, 6, EV 102.5 MPH)
Batting: RHB Alberto Ramirez 0-0: Foul Ball, location: 2F
0-1: Foul Ball, location: 2F
0-2: Ball
1-2: Ball
2-2: Strikes out swinging
Bottom of the 9th over - 0 runs, 0 hits, 0 errors, 0 left on base; Hartford 4 - Lakewood 3
Thursday, March 31st , 2022 - OOTP Baseball 22.12 Build 89